 Dungeon Crawl Stone Soup version 0.30.1-3-gfc49f6343a (webtiles) character file.

Game seed: 4776833626140528590

32 shmup the Firebug (level 3, -1/19 HPs)
             Began as a Tengu Fire Elementalist on July 23, 2023.
             Slain by a gnoll
             ... wielding a +0 whip
              (6 damage)
             ... on level 2 of the Dungeon.
             The game lasted 00:01:30 (1089 turns).

shmup the Firebug (Tengu Fire Elementalist)         Turns: 1089, Time: 00:01:30

Health: -1/19      AC:  2    Str:  8    XL:     3   Next: 27%
Magic:  4/7        EV: 17    Int: 17    God:
Gold:   54         SH:  0    Dex: 14    Spells: 3/6 levels left

rFire   . . .        e - +2 dagger (venom)
rCold   . . .        (no shield)
rNeg    . . .        a - +0 robe
rPois   .            (helmet restricted)
rElec   .            (no cloak)
rCorr   .            (no gloves)
SInv    .            (boots unavailable)
Will    .....        (no amulet)
Stlth   ++           d - +5 ring of evasion
HPRegen 0.23/turn    (no ring)
MPRegen 0.10/turn

%: no passive effects
@: no status effects
A: beak, talons 3
a: no special abilities


You were on level 2 of the Dungeon.
You visited 1 branch of the dungeon, and saw 2 of its levels.

You collected 54 gold pieces.

Inventory:

Hand Weapons
 e - a +2 dagger of venom (weapon)
 h - a +2 dagger of venom
Missiles
 f - 13 poisoned darts (quivered)
 g - 5 stones
Armour
 a - a +0 robe (worn)
Jewellery
 d - a +5 ring of evasion (left hand)
Scrolls
 c - a scroll of immolation {unknown}
 j - a scroll of identify {unknown}
Potions
 b - a potion of magic
 i - 2 potions of ambrosia {unknown}
 k - a potion of might {unknown}
 l - a potion of attraction {unknown}


   Skills:
 - Level 2.1 Dodging
 - Level 2.0 Stealth
 - Level 2.0 Spellcasting
 + Level 2.5 Conjurations
 * Level 4.3 Fire Magic


You had 3 spell levels left.
You knew the following spells:

 Your Spells              Type           Power      Damage    Failure   Level
a - Foxfire               Conj/Fire      52%        2x1d6     4%          1
b - Scorch                Fire           32%        2d6       4%          2

Your spell library contained the following spells:

 Spells                   Type           Power      Damage    Failure   Level
 Inner Flame              Hex/Fire       9%         N/A       24%         3
 Volatile Blastmotes      Fire/Tloc      18%        2d11      24%         3
 Flame Wave               Conj/Fire      13%        2d6       43%         4


Dungeon Overview and Level Annotations

Branches:
Dungeon (2/15)

Altars:


Innate Abilities, Weirdness & Mutations

You have a beak for a mouth.
You have claws for feet.


Message History

You open the large door.
Found an escape hatch in the ceiling.
A gnoll comes into view. It is wielding a +0 whip.
The gnoll shouts!
A gnoll comes into view. It is wielding a +0 spear.
There is a large open door here.
There are monsters nearby!
A gnoll comes into view. It is wielding a +0 spear.
A gnoll comes into view. It is wielding a +0 club.
There is a large open door here.
Casting: Foxfire (safe; 4% risk of failure)
Confirm with . or Enter, or press ? or * to list all spells.
You conjure some foxfire!
The gnoll shouts! x2
The foxfire hits the gnoll but does no damage.
The foxfire hits the gnoll.
The gnoll is moderately wounded.
Casting: Foxfire (safe; 4% risk of failure)
Confirm with . or Enter, or press ? or * to list all spells.
You conjure some foxfire!
The foxfire hits the gnoll but does no damage.
The gnoll is moderately wounded.
The foxfire hits the gnoll.
The gnoll is severely wounded.
Casting: Foxfire (safe; 4% risk of failure)
Confirm with . or Enter, or press ? or * to list all spells.
You conjure some foxfire!
The gnoll hits you from afar with a +0 spear.
The gnoll hits you with a +0 whip.
* * * LOW HITPOINT WARNING * * *
The foxfire hits the gnoll.
The gnoll is lightly wounded.
The foxfire hits the gnoll.
The gnoll is moderately wounded.
The gnoll closely misses you. The gnoll hits you with a +0 whip.
* * * LOW HITPOINT WARNING * * *
The gnoll barely misses you.
There is a large open door here.
The gnoll attacks as you move away! The gnoll hits you with a +0 whip.
You die...

▒▒▒▒▒▒▒ ▒.....▒
▒▒▒.....▒ ▒.......▒
▒......▒▒▒▒▒+▒▒
▒▒▒▒▒▒▒▒▒......▒▒g....▒
▒.......'%.....Qgg....▒
▒▒.▒▒▒▒▒▒......▒▒g......
▒.▒ ▒......▒ ....... ▒.▒
▒......▒ ....... ▒.▒
▒▒▒▒▒▒▒▒ ....... ▒.▒
....... ▒.▒ ....... ▒.▒
.....▒. ▒.▒


You could see 4 gnolls.

Vanquished Creatures
  2 bats (D:1)
  4 endoplasms (D:1)
  A giant cockroach (D:1)
  A goblin (D:1)
  5 hobgoblins (D:1)
  4 jackals (D:1)
  2 kobolds (D:1)
  A quokka (D:2)
  4 ball pythons (D:1)
  2 rats (D:1)
26 creatures vanquished.

Vanquished Creatures (others)
  47 foxfires
47 creatures vanquished.

Grand Total: 73 creatures vanquished

Notes
Turn   | Place    | Note
-------+----------+-------------------------------------------
     0 | D:1      | shmup the Tengu Fire Elementalist began the quest for the
                  | Orb.
     0 | D:1      | Reached XP level 1. HP: 10/10 MP: 4/4
   330 | D:1      | Reached XP level 2. HP: 12/15 MP: 3/6
   464 | D:1      | Learned a level 2 spell: Scorch
   483 | D:1      | Reached skill level 4 in Fire Magic
   647 | D:1      | Reached XP level 3. HP: 19/19 MP: 5/7
  1089 | D:2      | Slain by a gnoll

Illustrated notes

Levels and vault maps discovered:
D:1:      psy_arrival_radial01, layout_basic
D:2:      layout_basic

Skill      XL: |  1  2 |
---------------+-------+-----
Conjurations   | 2 |  2.5
Fire Magic     | 4 |  4.3
Dodging        | |  2.1
Stealth        | |  2.0
Spellcasting   | |  2.0

Action                     || total
---------------------------++-------
  Melee: Dagger            ||    10
         Kick              ||     4
         Peck              ||     1
   Cast: Foxfire           ||    28
 Armour: Robe              ||     4
  Dodge: Dodged            ||    54
